 Dungeon Crawl Stone Soup version 0.20.1-1-g8b1a95d66d (webtiles) character file.

30 NullDivider the Sneak (level 3, 0/15 HPs)
             Began as a Felid Enchanter on Nov 21, 2017.
             Slain by an orc
             ... wielding a +0 club
              (4 damage)
             ... on level 3 of the Dungeon.
             The game lasted 00:13:34 (3248 turns).

NullDivider the Sneak (Felid Enchanter)             Turns: 3248, Time: 00:13:34

Health: 0/15       AC:  1    Str:  4    XL:     3   Next: 5%
Magic:  7/7        EV: 19    Int: 16    God:
Gold:   58         SH:  0    Dex: 17    Spells: 5/6 levels left
                                        Lives:  0   Deaths: 1

rFire    . . .     SeeInvis +     - Unarmed
rCold    . . .     Gourm    .   (shield unavailable)
rNeg     . . .     Faith    .   (armour unavailable)
rPois    .         Spirit   .   (helmet unavailable)
rElec    .         Reflect  .   (cloak unavailable)
rCorr    .         Harm     .   (gloves unavailable)
MR       .....                  (boots unavailable)
Stlth    +++.......             (no amulet)
Regen    0.1/turn               (no ring)
MPRegen  0.1/turn               (no ring)

@: quick
A: no armour, no weapons or thrown items, stealth, claws 1, fangs 3, see
invisible, carnivore 3, speed 1, shaggy fur 1, slow metabolism 1, sharp paws
a: no special abilities


You were on level 3 of the Dungeon.
You were not hungry.

You visited 1 branch of the dungeon, and saw 3 of its levels.

You collected 58 gold pieces.

Inventory:

Scrolls
 d - a scroll of remove curse
 f - a scroll of amnesia {unknown}
 h - a scroll of recharging {unknown}
 k - a scroll of magic mapping {unknown}
 p - a scroll of identify {unknown}
Potions
 e - a potion of cancellation {unknown}
 g - a potion of brilliance
 i - 2 potions of curing {unknown}
 j - a potion of might {unknown}
 m - a potion of agility {unknown}
 n - a potion of magic {unknown}
 o - a potion of flight {unknown}
Books
 a - a book of Maledictions

   Spells                             Type                      Level
   a - Corona                         Hexes                        1
   b - Ensorcelled Hibernation        Hexes/Ice                    2
   c - Confuse                        Hexes                        3
   d - Tukima's Dance                 Hexes                        3
   e - Dazzling Spray                 Conjuration/Hexes            3
Comestibles
 b - 3 meat rations
 c - 3 royal jellies


   Skills:
 + Level 1.1 Fighting
 * Level 4.0 Dodging
 * Level 5.1 Stealth
 + Level 1.9 Unarmed Combat
 - Level 2.0 Spellcasting
 - Level 4.4 Hexes


You had 5 spell levels left.
You knew the following spells:

 Your Spells              Type           Power        Failure   Level  Hunger
a - Corona                Hex            ###....      3%          1    #......


Dungeon Overview and Level Annotations

Branches:
Dungeon (3/15)

Altars:

Annotations:
D:2 Natasha
D:3 Grinder


Innate Abilities, Weirdness & Mutations

You cannot wear armour.
You are incapable of wielding weapons or throwing items.
Your paws allow you to move quietly. (Stealth)
You have sharp claws.
You have razor-sharp teeth.
You have supernaturally acute eyesight. (SInv)
You are carnivorous and can eat meat at any time.
You cover ground quickly.
You are covered in fur. (AC +1)
You have a slow metabolism.
Your sharp claws are effective at attacking unaware monsters.


Message History

The orc hits you but does no damage.
You barely miss the orc. The orc closely misses you. x2
The orc barely misses you. The orc closely misses you.
The orc barely misses you.
You scratch the orc.
The orc is heavily wounded.
The orc hits you but does no damage. The goblin barely misses you.
The orc closely misses you. The goblin barely misses you.
The orc closely misses you. The orc barely misses you. The goblin hits you.
The orc hits you but does no damage. The orc barely misses you.
The goblin completely misses you. The orc misses you. The orc hits you.
The goblin misses you. The orc misses you. The orc hits you with a club.
The goblin barely misses you. The orc hits you.
* * * LOW HITPOINT WARNING * * *
The orc completely misses you. The goblin closely misses you.
The orc misses you. The orc hits you with a club.
You die...

#.# #..........#
#.###.........##
#.##...........###
#.##........[.....
#.##...........<..
###.##......<....##
#..So............#
#...#og##..........#
# #@o.###..#######
#.......##
#.####.... #.# ..###
..# ..# .... ##.#
#.#


You could see 3 orcs, a goblin and a ball python.

Vanquished Creatures
  2 adders (D:2)
  3 dart slugs (D:1)
  A leopard gecko (D:2)
  2 giant cockroaches (D:2)
  2 goblins
  8 hobgoblins
  3 jackals (D:2)
  6 kobolds
  A quokka (D:2)
  A ball python (D:1)
  6 bats
  4 frilled lizards
  10 rats
49 creatures vanquished.

Notes
Turn   | Place    | Note
-------+----------+-------------------------------------------
     0 | D:1      | NullDivider the Felid Enchanter began the quest for the Orb.
     0 | D:1      | Reached XP level 1. HP: 7/7 MP: 4/4
   284 | D:1      | Reached XP level 2. HP: 12/12 MP: 6/6
   962 | D:2      | Reached XP level 3. HP: 15/15 MP: 7/7
   984 | D:2      | Reached skill level 5 in Stealth
  2252 | D:2      | Noticed Natasha
  2370 | D:2      | Reached skill level 1 in Fighting
  2760 | D:2      | Reached XP level 4. HP: 18/19 MP: 6/8
  3119 | D:3      | Noticed Grinder
  3124 | D:3      | Paralysed by Grinder for 2 turns
  3210 | D:2      | Slain by an adder
  3211 | D:2      | Reached XP level 3. HP: 0/15 MP: 7/7
  3248 | D:3      | Slain by an orc

Skill      XL: |  1  2  3  4 |
---------------+-------------+-----
Dodging        | 3 4 |  4.0
Stealth        | 5 |  5.1
Fighting       | 1 |  1.1
Unarmed Combat | |  1.9
Spellcasting   | |  2.0
Hexes          | |  4.4

Action                   |  1- 3 |  4- 6 || total
-------------------------+-------+-------++-------
Melee: Unarmed           |   147 |    23 ||   170
       Bite              |     7 |     2 ||     9
       Punch             |       |     1 ||     1
 Cast: Corona            |    42 |     5 ||    47
  Use: Scroll            |     1 |       ||     1
       Potion            |       |     1 ||     1
 Stab: Sleeping          |    11 |     4 ||    15
       Distracted        |     2 |       ||     2
  Eat: Chunk             |    13 |     1 ||    14
Armor: Skin              |     5 |     2 ||     7
Dodge: Dodged            |   150 |    14 ||   164
